 Dungeon Sprint DCSS version 0.27-a0-538-g15ff5c5295 (webtiles) character file.

Game seed: 14493066610898052867

31674 mhtbhm the Executioner (level 13, -6/139 HPs)
             Began as a Minotaur Fighter on Mar 7, 2021.
             Was the Champion of Trog.
             Hit by a silver javelin thrown by a minotaur (25 damage)
             ... in the Dungeon (Sprint VII: "The Pits").
             The game lasted 00:06:13 (3919 turns).

mhtbhm the Executioner (Minotaur Fighter)           Turns: 3919, Time: 00:06:14

Health: -6/139     AC: 23    Str: 25    XL:     13   Next: 27%
Magic:  12/12      EV: 10    Int:  5    God:    Trog [******]
Gold:   64         SH: 15    Dex: 11    Spells: 12/12 levels left

rFire    + . .     SeeInvis .   a - +5 broad axe (vorpal)
rCold    . . .     Faith    .   c - +0 kite shield
rNeg     . . .     Spirit   .   b - +3 plate armour
rPois    .         Reflect  .   (helmet restricted)
rElec    .         Harm     .   p - +0 cloak
rCorr    .         Rampage  .   (no gloves)
Will     .....     NoTele   +   (no boots)
Stlth    ..........             (no amulet)
HPRegen  0.33/turn              q - ring of protection from fire
MPRegen  0.13/turn              (no ring)

@: berserk cooldown
A: horns 2, deterioration 1, screaming 1, retaliatory headbutt
a: Renounce Religion, Berserk, Trog's Hand, Brothers in Arms


You were in the Dungeon.
You worshipped Trog.
Trog was exalted by your worship.
You visited 1 branch You collected 64 gold pieces.

Inventory:

Hand Weapons
 a - a +5 vorpal broad axe (weapon)
 m - a +5 antimagic executioner's axe
Missiles
 x - 18 silver javelins (quivered)
Armour
 b - a +3 plate armour (worn)
 c - a +0 kite shield (worn)
 p - a +0 cloak (worn)
Jewellery
 q - a ring of protection from fire (left hand)
 u - a ring of ice
Scrolls
 j - 2 scrolls of blinking
 l - a scroll of summoning
 r - 5 scrolls of enchant armour
 s - 2 scrolls of identify
 t - 3 scrolls of enchant weapon
 w - 2 scrolls of fear
Potions
 d - 5 potions of might
 e - 10 potions of curing
 f - 12 potions of heal wounds
 g - 2 potions of haste
 h - 4 potions of magic
 i - 3 potions of berserk rage
 k - 2 potions of invisibility
 o - 2 potions of mutation
Miscellaneous
 n - a box of beasts
 v - a phantom mirror


   Skills:
 + Level 20.2 Fighting
 + Level 22.3 Axes
 + Level 18.7 Armour
 + Level 5.7 Dodging
 + Level 1.6 Stealth
 + Level 18.0 Shields


You had 12 spell levels left.
You didn't know any spells.
Your spell library was empty.

Dungeon Overview and Level Annotations

Branches:
Dungeon (1/1)

Altars:
Ashenzari
Cheibriados
Dithmenos
Elyvilon
Fedhas
Gozag
Hepliaklqana
Kikubaaqudgha
Makhleb
Nemelex Xobeh
Okawaru
Qazlal
Ru
Sif Muna
Trog
Uskayaw
Vehumet
Wu Jian
Xom
Yredelemnul
Zin
The Shining One
Beogh
Jiyva
Lugonu


Innate Abilities, Weirdness & Mutations

You have a pair of horns on your head.
You reflexively headbutt those who attack you in melee.
Your body sometimes deteriorates upon taking damage.
You occasionally shout uncontrollably at your foes.


Message History

* * * LOW HITPOINT WARNING * * *
The minotaur gores you.
* * * LOW HITPOINT WARNING * * *
Press: ? - help, v - describe, . - travel
Here: a minotaur, wielding a +6 short sword of speed, wearing a +0 plate armour and quivering silver javelins An open door.
Unknown command.
You hit the minotaur but do no damage. Your headbutt misses the minotaur.
The minotaur hits you but does no damage.
The minotaur gores you!
* * * LOW HITPOINT WARNING * * *
You hear a deafening roar!
You slash the minotaur!
You headbutt the minotaur, but do no damage.
The minotaur is lightly wounded.
The minotaur closely misses you. You block the minotaur's attack.
Unknown command.
Unknown command.
You hit the minotaur but do no damage.
The minotaur is lightly wounded.
You feel yourself speed up.
The minotaur hits you with a +6 short sword of speed!!
* * * LOW HITPOINT WARNING * * *
You block the minotaur's attack.
You hear a trumpeting!
You feel much better. You block the minotaur's attack. x2
You hear a shout!
Unknown command.
Press: ? - help, v - describe, . - travel
Here: a minotaur, wielding a +6 short sword of speed, wearing a +0 plate armour and quivering silver javelins (lightly wounded)
An open door, spattered with blood.
Unknown command.
Blink to where?
Press: ? - help, Dir - move target
As you read the scroll of blinking, it crumbles to dust.
Your cyclops goes berserk!
You hear a shout!
The minotaur throws a silver javelin.
The silver javelin pierces through you!!
You die...

#......... ........ #..######
#######. #.C'#.#h# #. #.H#)#.#
#. #..##C# #. #..#.#)# #.
#..##.#R# #.
#..################.
#############..@................
#_________.##C..................
#_________.###########++########
#_______...###########++########
##########'##................##.
#.?()')))'.##......#..#......##.
##########.##................''.
#...........'................''.
#'#####)#####......#..#......##.


You could see a minotaur (ally target), a friendly stone giant (summoned,
berserk) and a friendly cyclops (summoned, berserk).

Vanquished Creatures
  A royal mummy (D)
  A lich (D)
  A ghost moth (D)
  An emperor scorpion (D)
  A red draconian (D)
  A deep elf annihilator (D)
  An eidolon (D)
  A great orb of eyes (D)
  Josephine (D)
  Harold (D)
  A spriggan air mage (D)
  An anaconda (D)
  A death knight (D)
  An alligator (D)
  A centaur warrior (D)
  A two-headed ogre (D)
  An orc high priest (D)
  A sun demon (D)
  A sixfirhy (D)
  An unseen horror (D)
  A bog body (D)
  A lindwurm (D)
  2 wizards (D)
  A deep elf zephyrmancer (D)
  A cyclops (D)
  An orc sorcerer (D)
  A moth of wrath (D)
  2 elephants (D)
  2 molten gargoyles (D)
  A gargoyle (D)
  A large abomination (D)
  An ice devil (D)
  2 komodo dragons (D)
  A hellwing (D)
  Prince Ribbit (D)
  A flying skull (D)
  A spriggan (shapeshifter) (D)
  A spriggan (D)
  6 wraiths (D)
  2 tarantellas (D)
  5 vampire mosquitoes (D)
  An acid dragon (D)
  2 wargs (D)
  A soldier ant (D)
  2 swamp drakes (D)
  A floating eye (D)
  An orc warrior (D)
  An ice beast (D)
  An eye of draining (D)
  A black bear (D)
  2 sky beasts (D)
  A wolf (D)
  A phantom (D)
  A bullfrog (D)
  2 gnoll sergeants (D)
  13 killer bees (D)
  5 wights (D)
  A crimson imp (D)
  A jelly (D)
  An orc priest (D)
  An orc wizard (D)
  10 gnolls (D)
  A river rat (D)
  A white imp (D)
  2 ufetubi (D)
  An ooze (D)
  A worm (D)
  A leopard gecko (D)
  6 orcs (D)
  A giant cockroach (D)
  A goblin (D)
  3 hobgoblins (D)
  5 jackals (D)
  2 quokkas (D)
  A ball python (D)
  A bat simulacrum (D)
132 creatures vanquished.

Vanquished Creatures (collateral kills)
  Agnes (D)
  A fire elemental (D)
  A wolf (D)
3 creatures vanquished.

Vanquished Creatures (others)
  A minotaur (D)
  A wolf (D)
  A killer bee (D)
3 creatures vanquished.

Grand Total: 138 creatures vanquished

Notes
Turn   | Place    | Note
-------+----------+-------------------------------------------
     0 | D        | mhtbhm the Minotaur Fighter began the quest for the Orb.
     0 | D        | Reached XP level 1. HP: 19/19 MP: 0/0
    11 | D        | Noticed a floating eye
    15 | D        | Killed a floating eye
    16 | D        | Reached skill level 4 in Axes
    16 | D        | Reached XP level 2. HP: 31/31 MP: 1/1
    16 | D        | Reached XP level 3. HP: 38/38 MP: 2/2
    16 | D        | Reached XP level 4. HP: 45/45 MP: 3/3
    20 | D        | Found a bloodstained altar of Trog.
    20 | D        | Found a shimmering blue altar of Sif Muna.
    20 | D        | Found a viscous altar of Jiyva.
    20 | D        | Found a hazy altar of Hepliaklqana.
    20 | D        | Found an opulent altar of Gozag.
    21 | D        | Found a glowing golden altar of the Shining One.
    21 | D        | Found a glowing silver altar of Zin.
    21 | D        | Found a basalt altar of Yredelemnul.
    21 | D        | Found a shimmering altar of Xom.
    21 | D        | Found an ornate altar of the Wu Jian Council.
    21 | D        | Found a sacrificial altar of Ru.
    21 | D        | Found a stormy altar of Qazlal.
    21 | D        | Found an iron altar of Okawaru.
    21 | D        | Found a sparkling altar of Nemelex Xobeh.
    21 | D        | Found a burning altar of Makhleb.
    21 | D        | Found a blossoming altar of Fedhas.
    21 | D        | Found a white marble altar of Elyvilon.
    21 | D        | Found a shadowy altar of Dithmenos.
    21 | D        | Found a snail-covered altar of Cheibriados.
    23 | D        | Found a radiant altar of Vehumet.
    23 | D        | Found a corrupted altar of Lugonu.
    25 | D        | Became a worshipper of Trog the Wrathful
   156 | D        | Reached * piety under Trog
   176 | D        | Reached ** piety under Trog
   187 | D        | Reached skill level 5 in Axes
   187 | D        | Reached XP level 5. HP: 34/53 MP: 4/4
   390 | D        | Reached *** piety under Trog
   393 | D        | Reached skill level 6 in Axes
   395 | D        | Reached skill level 1 in Dodging
   395 | D        | Reached XP level 6. HP: 50/62 MP: 5/5
   395 | D        | Reached **** piety under Trog
   399 | D        | Reached skill level 7 in Axes
   403 | D        | Reached skill level 10 in Armour
   404 | D        | Reached ***** piety under Trog
   537 | D        | Noticed an ice beast
   542 | D        | Killed an ice beast
   543 | D        | Reached skill level 8 in Axes
   545 | D        | Noticed an acid dragon
   559 | D        | Killed an acid dragon
   560 | D        | Reached skill level 9 in Axes
   560 | D        | Reached XP level 7. HP: 18/70 MP: 6/6
   825 | D        | Noticed a flying skull
   830 | D        | Reached skill level 10 in Shields
   853 | D        | Killed a flying skull
   853 | D        | Received a gift from Trog
   854 | D        | Reached skill level 10 in Axes
   955 | D        | Noticed an orc sorcerer
   957 | D        | Noticed a red devil
   962 | D        | Noticed a red devil
   962 | D        | Killed an orc sorcerer
   963 | D        | Reached skill level 10 in Fighting
   963 | D        | Reached skill level 11 in Axes
   963 | D        | Reached XP level 8. HP: 79/79 MP: 7/7
  1065 | D        | Found a hide-covered altar of Uskayaw.
  1065 | D        | Found an ancient bone altar of Kikubaaqudgha.
  1065 | D        | Found a broken altar of Ashenzari.
  1094 | D        | Noticed a molten gargoyle
  1094 | D        | Noticed Josephine
  1103 | D        | Killed Josephine
  1103 | D        | Received a gift from Trog
  1104 | D        | Reached skill level 13 in Axes
  1104 | D        | Reached skill level 1 in Stealth
  1104 | D        | Reached XP level 9. HP: 86/86 MP: 8/8
  1111 | D        | Killed a molten gargoyle
  1112 | D        | Reached skill level 14 in Axes
  1115 | D        | Reached ****** piety under Trog
  1297 | D        | Noticed a bog body
  1307 | D        | Killed a bog body
  1307 | D        | Received a gift from Trog
  1308 | D        | Reached skill level 15 in Axes
  1308 | D        | Reached skill level 5 in Dodging
  1441 | D        | Noticed a sun demon
  1453 | D        | Killed a sun demon
  1454 | D        | Reached skill level 16 in Axes
  1454 | D        | Reached XP level 10. HP: 96/97 MP: 9/9
  1506 | D        | Received a gift from Trog
  1604 | D        | Noticed a gargoyle
  1612 | D        | Killed a gargoyle
  1615 | D        | Reached skill level 17 in Axes
  1700 | D        | Noticed Prince Ribbit
  1700 | D        | Noticed a deep elf zephyrmancer
  1703 | D        | Killed a deep elf zephyrmancer
  1703 | D        | Received a gift from Trog
  1712 | D        | Killed Prince Ribbit
  1837 | D        | Noticed a red draconian
  1837 | D        | Noticed a molten gargoyle
  1838 | D        | Noticed Harold
  1841 | D        | Killed a molten gargoyle
  1849 | D        | Killed a red draconian
  1849 | D        | Received a gift from Trog
  1850 | D        | Reached skill level 18 in Axes
  1850 | D        | Reached skill level 15 in Armour
  1850 | D        | Reached XP level 11. HP: 89/107 MP: 10/10
  1850 | D        | Killed Harold
  2147 | D        | Noticed an orc high priest
  2211 | D        | Received a gift from Trog
  2212 | D        | Reached skill level 19 in Axes
  2229 | D        | Received a gift from Trog
  2237 | D        | Received a gift from Trog
  2242 | D        | Gained mutation: You occasionally shout uncontrollably at
                  | your foes. [a neqoxec]
  2244 | D        | Gained mutation: Your body sometimes deteriorates upon
                  | taking damage. [a neqoxec]
  2246 | D        | Killed an orc high priest
  2250 | D        | Received a gift from Trog
  2563 | D        | Noticed a lindwurm
  2564 | D        | Noticed a wizard
  2573 | D        | Killed a lindwurm
  2574 | D        | Reached skill level 15 in Fighting
  2589 | D        | Killed a wizard
  2694 | D        | Noticed a centaur warrior
  2700 | D        | Killed a centaur warrior
  2700 | D        | Killed an unseen horror
  2701 | D        | Reached skill level 20 in Axes
  2744 | D        | Received a gift from Trog
  2745 | D        | Reached skill level 15 in Shields
  2747 | D        | Noticed a great orb of eyes
  2752 | D        | Paralysed by a great orb of eyes for 2 turns
  2768 | D        | Paralysed by a great orb of eyes for 4 turns
  2773 | D        | Killed a great orb of eyes
  3010 | D        | Noticed a sixfirhy
  3017 | D        | Killed a sixfirhy
  3115 | D        | Noticed an alligator
  3126 | D        | Killed an alligator
  3127 | D        | Reached XP level 12. HP: 124/124 MP: 11/11
  3291 | D        | Killed a ghost moth
  3336 | D        | Noticed a royal mummy
  3342 | D        | Noticed an emperor scorpion
  3342 | D        | Noticed an emperor scorpion
  3349 | D        | Killed a royal mummy
  3349 | D        | Received a gift from Trog
  3350 | D        | Reached skill level 21 in Axes
  3616 | D        | Noticed an eidolon
  3616 | D        | Noticed a spriggan air mage
  3616 | D        | Noticed a deep elf annihilator
  3616 | D        | Noticed an anaconda
  3616 | D        | Noticed a minotaur
  3617 | D        | Identified the +6 great sword of Animal Spirits {flame,
                  | rElec Int+3 Dex-3 SInv}
  3621 | D        | Killed an eidolon
  3628 | D        | Killed an anaconda
  3631 | D        | Killed a deep elf annihilator
  3631 | D        | Received a gift from Trog
  3638 | D        | Killed a spriggan air mage
  3639 | D        | Killed a minotaur
  3857 | D        | Noticed a two-headed ogre
  3861 | D        | Noticed a death knight
  3862 | D        | Killed a two-headed ogre
  3871 | D        | Received a gift from Trog
  3875 | D        | Noticed an emperor scorpion
  3881 | D        | Noticed a lich
  3884 | D        | Killed a death knight
  3885 | D        | Reached skill level 22 in Axes
  3885 | D        | Reached XP level 13. HP: 132/138 MP: 12/12
  3885 | D        | Killed an emperor scorpion
  3893 | D        | Noticed Agnes
  3896 | D        | Killed a lich
  3907 | D        | Noticed a minotaur
  3910 | D        | Killed Agnes
  3910 | D        | Received a gift from Trog
  3916 | D        | HP: 4/139 [minotaur/+6 short sword of speed (24)]
  3919 | D        | Hit by a silver javelin thrown by a minotaur

Illustrated notes

Levels and vault maps discovered:
D:        pitsprint [storerooms_1, entrance_room_1, metal_vault_2, armoury_1,
          mini_pit_1, grid_room_1, main_hall_1, silver_pit, the_coven_1,
          the_vestibule_1, steel_vault_3, golden_pit, hallway_of_sentries,
          crystal_vault_5, iron_vault_3, final_vault]

Skill      XL: |  1  2  3  4  5  6  7  8  9 10 11 12 13 |
---------------+----------------------------------------+-----
Fighting       | 6 7 8 9 10 11 13 16 19 20 | 20.2
Axes           | 4 5 6 9 11 13 16 18 20 22 | 22.3
Armour         | 7 9 10 12 13 14 15 18 | 18.7
Shields        | 6 7 8 9 11 12 13 15 17 18 | 18.0
Dodging        | 1 3 4 5 |  5.7
Stealth        | 1 |  1.6

Action                   |  1- 3 |  4- 6 |  7- 9 | 10-12 | 13-15 || total
-------------------------+-------+-------+-------+-------+-------++-------
Melee: Headbutt          |     3 |     9 |    10 |    49 |     5 ||    76
       War axe           |     3 |       |    25 |       |       ||    28
       Hand axe          |       |    61 |    28 |       |       ||    89
       Broad axe         |       |       |    18 |   211 |    19 ||   248
Invok: Berserk           |       |     3 |     3 |     8 |       ||    14
       Brothers in Arms  |       |       |       |       |     3 ||     3
  Use: Potion            |       |       |       |       |     6 ||     6
       Scroll            |       |       |       |       |     1 ||     1
Armor: Scale mail        |       |     9 |       |       |       ||     9
       Chain mail        |       |    12 |    13 |       |       ||    25
       Plate armour      |       |       |    21 |    85 |    11 ||   117
Dodge: Dodged            |       |    22 |    15 |    43 |     7 ||    87
Block: Kite shield       |       |    37 |    32 |   110 |    18 ||   197

Table legend: (Time is in decaauts)
 A = Elapsed time spent in this place.
 B = Non-inter-level travel time spent in this place.
 C = Inter-level travel time spent in this place.
 D = Time resting spent in this place.
 E = Time spent auto-exploring this place.
 F = Levels seen in this place.
 G = Mean time per level.
                   A        B        C        D        E       F      G
               +--------+--------+--------+--------+--------+-----+--------+
         Total |   3993 |   3993 |      0 |   2665 |    244 |   1 | 3993.0 |
       Dungeon |   3993 |   3993 |      0 |   2665 |    244 |   1 | 3993.0 |
               +--------+--------+--------+--------+--------+-----+--------+

Top non-repeatable levels by time:
       D: 3993 daAuts
